 Dungeon Crawl Stone Soup version 0.26-a0-597-gb535b0901c (webtiles) character file.

Game seed: 10960874340674334769

39 kae the Skirmisher (level 3, -11/33 HPs)
             Began as a Hill Orc Abyssal Knight on Aug 26, 2020.
             Was an Initiate of Lugonu.
             Mangled by a kobold
             ... wielding a +0 dagger of distortion
              (22 damage)
             ... on level 2 of the Dungeon.
             The game lasted 00:01:14 (1672 turns).

kae the Skirmisher (Hill Orc Abyssal Knight)        Turns: 1672, Time: 00:01:14

Health: -11/33     AC:  3    Str: 15    XL:     3   Next: 45%
Magic:  4/5        EV: 11    Int: 12    God:    Lugonu [......]
Gold:   93         SH:  0    Dex: 10    Spells: 2/2 levels left

rFire    . . .     SeeInvis .   a - +1 hand axe
rCold    . . .     Faith    .   (no shield)
rNeg     . . .     Spirit   .   b - +0 leather armour
rPois    .         Reflect  .   (no helmet)
rElec    .         Harm     .   (no cloak)
rCorr    .                      (no gloves)
MR       .....                  (no boots)
Stlth    +.........             (no amulet)
HPRegen  0.11/turn              (no ring)
MPRegen  0.09/turn              (no ring)

@: no status effects
A: no striking features
a: Renounce Religion


You were on level 2 of the Dungeon.
You worshipped Lugonu.
Lugonu was noncommittal.
You visited 1 branch of the dungeon, and saw 2 of its levels.
You visited the Abyss 2 times.

You collected 93 gold pieces.

Inventory:

Hand Weapons
 a - a +1 hand axe (weapon)
Armour
 b - a +0 leather armour (worn)
Scrolls
 d - 2 scrolls of remove curse


   Skills:
 + Level 4.1 Fighting
 * Level 4.0 Axes
 - Level 2.1 Armour
 - Level 0.7 Dodging
 + Level 3.2 Invocations


You had 2 spell levels left.
You didn't know any spells.
Your spell library was empty.

Dungeon Overview and Level Annotations

Branches:
Dungeon (2/15)

Altars:
Ashenzari


Message History

You hit the small abomination.
The small abomination is lightly damaged.
The small abomination hits you but does no damage.
You barely miss the small abomination.
The small abomination is lightly damaged.
You hit the small abomination.
The small abomination is lightly damaged.
The small abomination hits you!
You are too injured to fight recklessly!
You are too injured to fight recklessly!
You are too injured to fight recklessly!
You are too injured to fight recklessly!
You pass through the gate.
Welcome back to the Dungeon!
You can no longer depart the Abyss at will.
The kobold hits you with a +0 dagger of distortion.
Space bends around you. The kobold hits you but does no damage.
Space warps horribly around you!!
Ouch! That really hurt!
You die...

###### #....# #....#
####### #....###
##......##......#
##........#....#.#
#..............#.#
#..............#@#
#..........###.#K.#
#..........# #.##.....##
#.......[..# #..###.....
##........## ##.........
#..........####..#......
......................#.
^................#......
..............##.....#


You could see a kobold.

Vanquished Creatures
  An adder (D:2)
  An ooze (D:1)
  4 goblins (D:1)
  6 hobgoblins
  4 jackals (D:1)
  A bat (D:2)
  2 kobolds (D:1)
  4 rats
23 creatures vanquished.

Notes
Turn   | Place    | Note
-------+----------+-------------------------------------------
     0 | Abyss:1  | kae the Hill Orc Abyssal Knight began the quest for the
                  | Orb.
     0 | Abyss:1  | Reached XP level 1. HP: 19/19 MP: 2/2
    40 | Abyss:1  | Noticed a ynoxinul
    41 | Abyss:1  | Noticed a starcursed mass
    43 | D:1      | Escaped the Abyss
   502 | D:1      | Reached XP level 2. HP: 24/27 MP: 4/4
   568 | D:1      | Reached * piety under Lugonu
   687 | D:1      | Found a shattered altar of Ashenzari.
   895 | D:1      | Reached XP level 3. HP: 29/33 MP: 5/5
  1616 | D:2      | Cast into level 1 of the Abyss (kobold)
  1672 | D:2      | Escaped the Abyss
  1672 | D:2      | Mangled by a kobold

Illustrated notes

Levels and vault maps discovered:
D:1:      psy_arrival_terrarium, layout_loops_corners, grunt_decor_cap,
          ashenzari_altar_1
D:2:      layout_rooms, grunt_dithmenos_smoke

Skill      XL: |  1  2  3 |
---------------+----------+-----
Axes           | 3 4 |  4.0
Invocations    | 3 |  3.2
Fighting       | 4 |  4.1
Armour         | |  2.1
Dodging        | |  0.7

Action                   || total
-------------------------++-------
Melee: Hand axe          ||    76
Invok: Depart the Abyss  ||     2
  Use: Potion            ||     4
       Scroll            ||     1
Armor: Leather armour    ||    30
       Skin              ||     2
Dodge: Dodged            ||    52

Table legend: (Time is in decaauts)
 A = Elapsed time spent in this place.
 B = Non-inter-level travel time spent in this place.
 C = Inter-level travel time spent in this place.
 D = Time resting spent in this place.
 E = Time spent auto-exploring this place.
 F = Levels seen in this place.
 G = Mean time per level.
                   A        B        C        D        E       F      G
               +--------+--------+--------+--------+--------+-----+--------+
         Total |   1681 |   1637 |     44 |    255 |   1215 |   4 |  420.2 |
       Dungeon |   1582 |   1538 |     44 |    255 |   1127 |   2 |  791.0 |
         Abyss |     99 |     99 |      0 |      0 |     88 |   2 |   49.5 |
               +--------+--------+--------+--------+--------+-----+--------+

Top non-repeatable levels by time:
     D:1: 1309 daAuts
     D:2: 272 daAuts
 Abyss:1: 99 daAuts
